 Dungeon Crawl Stone Soup version 0.31.0-12-g77e489cdc1 (webtiles) character file.

Game seed: 17829472381906956479

460 440024613 the Ducker (level 7, -5/45 HPs)
             Began as a Djinni Hedge Wizard on Feb 14, 2024.
             Was an Initiate of Gozag.
             Slain by a phantom (7 damage)
             ... on level 5 of the Dungeon on Feb 19, 2024.
             The game lasted 00:44:29 (5045 turns).

440024613 the Ducker (Djinni Hedge Wizard)          Turns: 5045, Time: 00:44:29

Health: -5/45      AC:  4    Str:  9    XL:     7   Next: 28%
Gold:   1154       EV: 13    Int: 21    God:    Gozag SH:  0 Dex: 13

rFire   + + .        a - +1 dagger (venom)
rCold   x . .        (no shield)
rNeg    + + .        b - +0 robe
rPois   ∞            c - +2 hat "Gofeluof" {rN++ Int+4}
rElec   .            (no cloak)
rCorr   .            (no gloves)
SInv    .            (boots unavailable)
Will    .....        (no amulet)
Stlth   ++           (no ring)
HPRegen 0.27/turn    (no ring)
MPRegen 0.00/turn

%: infuse magic (-6 HP)
@: flying
A: sickness immunity, fire resistance 2, cold vulnerability 1, float, innate
caster, HP casting, extra vitality 1
a: Renounce Religion, Potion Petition, Call Merchant, Bribe Branch


You were on level 5 of the Dungeon.
You worshipped Gozag.
Gozag was most pleased with you.
You visited 1 branch of the dungeon, and saw 5 of its levels.

You collected 1640 gold pieces.
You paid 486 gold pieces to Gozag.

Inventory:

Hand Weapons
 a - a +1 dagger of venom (weapon)
 e - a +1 short sword of freezing
 j - a +0 dagger
 l - a +3 short sword
Missiles
 p - 3 atropa-tipped darts (quivered)
Armour
 b - a +0 robe (worn)
 c - the +2 hat "Gofeluof" (worn) {rN++ Int+4}
   (You acquired it on level 5 of the Dungeon)

   Int+4:     It affects your intelligence (+4).
   rN++:      It greatly protects you from negative energy.
 g - a +0 chain mail
 h - a +0 helmet
Wands
 k - a wand of charming (6)
 m - a wand of polymorph (14)
 n - a wand of mindburst (15)
Scrolls
 f - 2 scrolls of immolation
 o - a scroll of enchant weapon
Potions
 d - 2 potions of curing
 i - 2 potions of magic


   Skills:
 * Level 2.4 Throwing
 * Level 4.9 Dodging
 * Level 4.0 Stealth
 + Level 3.5 Spellcasting
 + Level 3.5 Conjurations
 + Level 3.5 Hexes
 + Level 3.5 Summonings
 + Level 3.5 Necromancy
 + Level 3.5 Translocations
 + Level 3.5 Fire Magic
 + Level 3.5 Ice Magic
 + Level 3.5 Air Magic
 + Level 3.5 Earth Magic
 + Level 3.5 Alchemy


You knew the following spells:

 Your Spells              Type           Power      Damage    Failure   Level
a - Magic Dart            Conj           72%        1d6       3%          1
b - Slow                  Hex            72%        N/A       3%          1
c - Blink                 Tloc           36%        N/A       4%          2
d - Call Imp              Summ           36%        N/A       4%          2
e - Mephitic Cloud        Conj/Alch/Air  18%        N/A       9%          3
f - Summon Small Mammal   Summ           72%        N/A       3%          1
g - Mercury Vapours       Alch/Air       36%        N/A       4%          2
h - Static Discharge      Conj/Air       36%        3-5/arc   4%          2
Your spell library was empty.

Dungeon Overview and Level Annotations

Branches:
Dungeon (5/15)
 Temple: D:4-7

Altars:
Gozag

Annotations:
D:4 Eustachio
D:5 2 transporters, rozman's ghost, amateur OpFi


Innate Abilities, Weirdness & Mutations

You are immune to sickness and miasma.
You are immune to poison.
Your flesh is very heat resistant. (rF++)
You are vulnerable to cold. (rC-)
You float through the air rather than walking.
You learn spells naturally, not from books.
Your magical power is your life essence.
You have superior vitality. (+4 MHP)


Message History

The adder attacks as it pursues you! The adder bites you but does no damage.
The adder misses you. The adder attacks as it pursues you!
The adder closely misses you. The adder attacks as it pursues you!
The adder bites you.
* * * LOW HITPOINT WARNING * * *
The adder bites you but does no damage. The adder attacks as it pursues you!
The adder bites you.
* * * LOW HITPOINT WARNING * * *
The adder attacks as it pursues you! The adder bites you.
* * * LOW HITPOINT WARNING * * *
The adder bites you but does no damage. The adder attacks as it pursues you!
The adder closely misses you.
You hit the adder.
The adder is poisoned.
The adder is moderately wounded.
The adder misses you. The adder bites you but does no damage.
The adder attacks as it pursues you! The adder bites you.
* * * LOW HITPOINT WARNING * * *
The adder attacks as it pursues you! The adder bites you but does no damage.
The adder barely misses you.
Found 19 gold pieces.
The adder attacks as it pursues you! The adder closely misses you.
The adder barely misses you. The adder attacks as it pursues you!
The adder misses you.
You closely miss the adder.
The adder is almost dead.
You kill the adder!
You reach down and open the door.
An orc wizard, 4 orcs and 2 orc priests come into view.
The orc wizard shouts!
The orc priest shouts!
The orc shouts!
An orc comes into view. It is wielding a +0 whip.
An orc priest comes into view. It is wielding a +0 whip.
The orc priest shouts!
The orc shouts!
Found a blade talisman.
Found a stone staircase leading down.
The orc shouts!
The orc priest calls down the wrath of Beogh upon you.
Beogh smites you!
* * * LOW HITPOINT WARNING * * *
The phantom hits you!
You die...
Your body crumbles into a pile of gold.

#.....### #...## #...o.o.#
#...## ..ooo.. #...## .%oo.
#....' .o. #....# ####+####
#o# #....#
........###.###########....#
.........oW..........W.o...'
........###@######.#######.#
........# #.# #.#######.#
........# #.######.........#
.......W###........#########
..............$....'....$#
...............(...#####.#
#######.............#
#......##.###.# #......##.#
#.## #s


You could see a phantom, 3 orc priests, an orc wizard and 6 orcs.

Vanquished Creatures
  3 scorpions (D:5)
  2 hounds
  A bombardier beetle (D:5)
  A sleepcap (D:4)
  Terence (D:3)
  An orc wizard (D:5)
  3 adders
  3 ribbon worms
  2 dart slugs
  3 orcs
  7 ball pythons
  6 giant cockroaches
  6 goblins
  7 hobgoblins
  6 kobolds
  4 quokkas
  5 bats
  6 frilled lizards
  5 rats
72 creatures vanquished.

Vanquished Creatures (collateral kills)
  2 endoplasms (D:3)
  A giant cockroach (D:2)
  3 hobgoblins
  A bat (D:3)
  2 frilled lizards (D:3)
9 creatures vanquished.

Grand Total: 81 creatures vanquished

Notes
Turn   | Place    | Note
-------+----------+-------------------------------------------
     0 | D:1      | 440024613 the Djinni Hedge Wizard began the quest for the
                  | Orb.
     0 | D:1      | 440024613 set off with the following spells memorised:
                  | Magic Dart, Slow, Blink, Call Imp, Mephitic Cloud.
     0 | D:1      | Reached XP level 1. HP: 15/15 MP: 0/0
   223 | D:1      | Reached XP level 2. HP: 21/21 MP: 0/0
  1215 | D:2      | Reached XP level 3. HP: 25/25 MP: 0/0
  1215 | D:2      | Learned a level 1 spell: Summon Small Mammal
  1741 | D:2      | Reached XP level 4. HP: 31/31 MP: 0/0
  1948 | D:2      | Found an opulent altar of Gozag.
  1977 | D:2      | Became a worshipper of Gozag Ym Sagoz the Greedy
  3254 | D:3      | Reached XP level 5. HP: 35/35 MP: 0/0
  3254 | D:3      | Learned a level 2 spell: Mercury Vapours
  3488 | D:3      | Noticed Terence
  3512 | D:3      | Killed Terence
  3513 | D:3      | Reached skill level 1 in Throwing
  4019 | D:4      | Noticed Eustachio
  4129 | D:4      | Reached XP level 6. HP: 32/40 MP: 0/0
  4326 | D:4      | Noticed a black bear
  4331 | D:4      | You are sucked into a shaft and drop 1 floor!
  4331 | D:5      | Entered Level 5 of the Dungeon
  4718 | D:5      | Identified 2 scrolls of acquirement
  4718 | D:5      | Acquired 1089 gold pieces
  4719 | D:5      | Acquired the +2 hat "Gofeluof" {rN++ Int+4}
  4762 | D:5      | Reached XP level 7. HP: 42/45 MP: 0/0
  4762 | D:5      | Learned a level 2 spell: Static Discharge
  4779 | D:5      | Identified the +2 trident of Bixiul {venom, rElec rPois
                  | rCorr Stlth-}
  4790 | D:5      | Noticed rozman's ghost (amateur OpFi)
  4801 | D:5      | Found a transporter.
  4811 | D:5      | Found a transporter.
  5045 | D:5      | HP: 2/45 [orc priest/divine providence (15)]
  5045 | D:5      | Slain by a phantom

Illustrated notes

Levels and vault maps discovered:
D:1:      dreamdust_arrival_beginning_and_end, layout_basic, st_stairs_11
D:2:      layout_basic, basic_altar, grunt_ministairs_2, uniq_crazy_yiuf_cottage
D:3:      minmay_skewed_foursquare, layout_rooms, uniq_terence
D:4:      layout_loops_ring, uniq_eustachio
D:5:      layout_basic, gammafunk_ghost_gnarly_gnolls, uniq_grinder

Skill      XL: |  1  2  3  4  5  6  7 |
---------------+----------------------+-----
Stealth        | 2 3 4 |  4.0
Dodging        | 3 4 |  4.9
Throwing       | 1 2 |  2.4
Spellcasting   | |  3.5
Conjurations   | |  3.5
Hexes          | |  3.5
Summonings     | |  3.5
Necromancy     | |  3.5
Translocations | |  3.5
Fire Magic     | |  3.5
Ice Magic      | |  3.5
Air Magic      | |  3.5
Earth Magic    | |  3.5
Alchemy        | |  3.5

Action                     |  1- 3 |  4- 6 |  7- 9 || total
---------------------------+-------+-------+-------++-------
  Melee: Dagger            |    36 |   108 |    20 ||   164
         Punch             |       |     1 |       ||     1
  Throw: Dart              |     9 |    52 |     2 ||    63
   Cast: Magic Dart        |    44 |     3 |       ||    47
         Slow              |     3 |       |       ||     3
         Call Imp          |     1 |    12 |       ||    13
         Blink             |     1 |     1 |     1 ||     3
         Summon Small Mamm |     2 |     1 |       ||     3
         Mephitic Cloud    |     1 |     4 |       ||     5
         Mercury Vapours   |       |     8 |       ||     8
 Invoke: Potion Petition   |       |       |     1 ||     1
    Use: Scroll            |     6 |     6 |       ||    12
         Potion            |     2 |     1 |       ||     3
   Stab: Sleeping          |       |     1 |       ||     1
 Armour: Robe              |    34 |    62 |    28 ||   124
  Dodge: Dodged            |    38 |    77 |    25 ||   140
